 Dungeon Crawl Stone Soup version 0.29.1-2-gbd0b4ee654 (webtiles) character file.

Game seed: 13203010599924882059

7 boopmooplesden the Trooper (level 1, -3/20 HPs)
             Began as a Minotaur Berserker on Nov 16, 2022.
             Was a Follower of Trog.
             Slain by a hobgoblin (4 damage)
             ... on level 1 of the Dungeon.
             The game lasted 00:00:15 (223 turns).

boopmooplesden the Trooper (Minotaur Berserker)      Turns: 223, Time: 00:00:15

Health: -3/20      AC:  2    Str: 21    XL:     1   Next: 83%
Magic:  0/0        EV: 12    Int:  4    God:    Trog [*.....]
Gold:   0          SH:  0    Dex:  9    Spells: 0/0 levels left

rFire   . . .      SeeInvis .   a - +0 falchion
rCold   . . .      Faith    .   (no shield)
rNeg    . . .      Spirit   .   b - +0 animal skin
rPois   .          Reflect  .   (helmet restricted)
rElec   .          Harm     .   (no cloak)
rCorr   .          Rampage  .   (no gloves)
Will    .....                   (no boots)
Stlth   +.........              (no amulet)
HPRegen 0.06/turn               (no ring)
MPRegen 0.07/turn               (no ring)

@: no status effects
A: horns 2, retaliatory headbutt
a: Renounce Religion, Berserk


You were on level 1 of the Dungeon.
You worshipped Trog.
Trog was aware of your devotion.
You visited 1 branch of the dungeon, and saw 1 of its levels.

Inventory:

Hand Weapons
 a - a +0 falchion (weapon)
Armour
 b - a +0 animal skin (worn)
Potions
 c - a potion of mutation {unknown}


   Skills:
 + Level 3.8 Fighting
 + Level 3.8 Long Blades
 + Level 2.4 Armour
 + Level 2.3 Dodging


You couldn't memorise any spells.
You didn't know any spells.
Your spell library was empty.

Dungeon Overview and Level Annotations

Branches:
Dungeon (1/15)

Altars:


Innate Abilities, Weirdness & Mutations

You have a pair of horns on your head.
You reflexively headbutt those who attack you in melee.


Message History

The quokka bites you but does no damage.
The bat attacks as you move away! The bat barely misses you.
The quokka attacks as you move away!
The quokka bites you but does no damage.
The bat hits you but does no damage. The endoplasm freezes you.
You are frozen.
You hit the endoplasm. You headbutt the endoplasm.
You kill the endoplasm!
Trog accepts your kill. The bat closely misses you.
The quokka barely misses you. x2
The bat hits you. The bat closely misses you. The quokka bites you.
A frilled lizard comes into view.
The frilled lizard hisses angrily.
The bat hits you but does no damage. The bat closely misses you. x2
You furiously retaliate!
You headbutt the bat!
You kill the bat!
Trog accepts your kill. The quokka bites you.
You completely miss the bat.
The bat is moderately wounded.
The bat hits you. The quokka closely misses you. The quokka barely misses you.
You closely miss the quokka. The bat hits you. The quokka barely misses you.
You furiously retaliate!
You headbutt the quokka. You hit the quokka.
You kill the quokka!
Trog accepts your kill. The bat barely misses you.
The hobgoblin barely misses you.
You barely miss the hobgoblin. The bat misses you. The hobgoblin hits you.
* * * LOW HITPOINT WARNING * * *
You hit the hobgoblin but do no damage. The bat barely misses you.
The hobgoblin closely misses you. The hobgoblin hits you.
* * * LOW HITPOINT WARNING * * *
The frilled lizard closely misses you.
You closely miss the hobgoblin. The bat completely misses you.
You furiously retaliate!
You headbutt the bat.
You kill the bat!
Trog accepts your kill. The hobgoblin hits you.
You die...

######### ### .........
..# ........##.####
..............#
.......g@...#
.......l.##.#
.......#.#..#
......##...# ......
#..## ..##.........
##..###### ..#..........
#.........
.............##.........
........................


You could see a hobgoblin and a frilled lizard.

Vanquished Creatures
  2 ball pythons (D:1)
  An endoplasm (D:1)
  A quokka (D:1)
  3 bats (D:1)
7 creatures vanquished.

Notes
Turn   | Place    | Note
-------+----------+-------------------------------------------
     0 | D:1      | boopmooplesden the Minotaur Berserker began the quest for
                  | the Orb.
     0 | D:1      | Reached XP level 1. HP: 19/19 MP: 0/0
   222 | D:1      | HP: 1/20 [hobgoblin (3)]
   223 | D:1      | Slain by a hobgoblin

Illustrated notes

Levels and vault maps discovered:
D:1:      dpeg_arrival_castle, layout_rooms,
          shapermc_ecumenical_altar_mp_vishouse, nicolae_figureground_pulse

Action                   || total
-------------------------++-------
Melee: Falchion          ||    13
       Headbutt          ||     2
Armor: Animal skin       ||    11
Dodge: Dodged            ||    39
